 Dungeon Crawl Stone Soup version 0.32-a0-841-g4648e6c457 (webtiles) character file.

Game seed: 5657334876897500627

127 woodenlegs the Fighter (level 5, 0/51 HPs)
             Began as a Gnoll Wanderer on Mar 25, 2024.
             Was an Initiate of Fedhas.
             Killed from afar by Natasha (6 damage)
             ... with a puff of flame
             ... on level 3 of the Dungeon on Mar 26, 2024.
             The game lasted 00:16:32 (2336 turns).

woodenlegs the Fighter (Gnoll Wanderer)             Turns: 2336, Time: 00:16:33

Health: 0/51       AC:  5    Str: 13    XL:     5   Next: 11%
Magic:  7/7        EV: 11    Int: 10    God:    Fedhas [......]
Gold:   116        SH:  0    Dex: 13    Spells: 3/6 levels left

rFire   . . .        a - +3 dagger
rCold   . . .        (no shield)
rNeg    . . .        e - +0 leather armour
rPois   .            c - +0 helmet
rElec   .            k - +0 cloak
rCorr   .            (no gloves)
SInv    .            (no boots)
Will    .....        (no amulet)
Stlth   +            (no ring)
HPRegen 0.28/turn    (no ring)
MPRegen 0.10/turn

%: no passive effects
@: confused
A: fangs 1, strong nose, distributed training
a: Renounce Religion


You were on level 3 of the Dungeon.
You worshipped Fedhas.
Fedhas was noncommittal.
You visited 2 branches of the dungeon, and saw 5 of its levels.

You collected 116 gold pieces.

Inventory:

Hand Weapons
 a - a +3 dagger (weapon)
 g - a +0 sling
Missiles
 d - a boomerang (quivered)
 h - 15 stones
Armour
 c - a +0 helmet (worn)
 e - a +0 leather armour (worn)
 k - a +0 cloak (worn)
Scrolls
 f - a scroll of identify


   Skills:
 + Level 8.6 Fighting
 + Level 1.4 Short Blades
 + Level 1.4 Long Blades
 + Level 1.4 Axes
 + Level 1.4 Maces & Flails
 + Level 1.4 Polearms
 + Level 1.4 Staves
 + Level 1.4 Ranged Weapons
 + Level 6.7 Throwing
 + Level 1.4 Armour
 + Level 2.9 Dodging
 + Level 2.7 Stealth
 + Level 1.4 Shields
 + Level 1.4 Unarmed Combat
 + Level 1.4 Spellcasting
 + Level 1.1 Conjurations
 + Level 1.1 Hexes
 + Level 1.1 Summonings
 + Level 1.1 Necromancy
 + Level 1.1 Translocations
 + Level 1.1 Fire Magic
 + Level 1.1 Ice Magic
 + Level 1.1 Air Magic
 + Level 1.1 Earth Magic
 + Level 1.1 Alchemy
 + Level 1.6 Invocations
 + Level 2.9 Evocations
 + Level 1.3 Shapeshifting


You had 3 spell levels left.
You knew the following spells:

 Your Spells              Type           Power      Damage    Failure   Level
a - Magic Dart            Conj           12%        1d3       26%         1
b - Searing Ray           Conj           6%         2d4       36%         2

Your spell library contained the following spells:

 Spells                   Type           Power      Damage    Failure   Level
 Fulminant Prism          Conj/Alch      1%         3d5       95%         4


Dungeon Overview and Level Annotations

Branches:
Dungeon (4/15)             Temple (1/1) D:4

Altars:
Ashenzari
Cheibriados
Dithmenos
Elyvilon
Fedhas
Gozag
Hepliaklqana
Kikubaaqudgha
Nemelex Xobeh
Okawaru
Ru
Sif Muna
Trog
Vehumet
Wu Jian
Xom
Yredelemnul
Zin

Annotations:
D:3 Natasha


Innate Abilities, Weirdness & Mutations

You have very sharp teeth.
Your uncanny sense of smell can sniff out nearby items.
Your experience applies equally to all skills.


Message History

The ribbon worm closely misses you. Something completely misses you.
In your confused state, you trip and fall back down the stairs.
* * * LOW HITPOINT WARNING * * *
You hear some strange, mumbled words.
You are more confused.
The ribbon worm bites you.
* * * LOW HITPOINT WARNING * * *
Okay, then.
Unknown command.
You hear some strange, mumbled words.
You are more confused.
You climb upwards.
Reactivating autopickup.
A hobgoblin comes into view.
There is a stone staircase leading down, spattered with blood here.
The hobgoblin shouts!
You hit the ribbon worm.
The ribbon worm is lightly wounded.
The ribbon worm bites you.
* * * LOW HITPOINT WARNING * * *
You hear some strange, mumbled words.
Deactivating autopickup; reactivate with Ctrl-A.
Something tries to affect you, but you resist.
You hit the ribbon worm.
You bite the ribbon worm, but do no damage.
The ribbon worm is moderately wounded.
The ribbon worm barely misses you. Something hits you.
* * * LOW HITPOINT WARNING * * *
You bump into the rock wall.
The ribbon worm bites you but does no damage.
Natasha, Servant of Life and Death comes into view.
She is carrying a wand of flame.
Something hits you but does no damage.
You closely miss something. Your bite misses something.
Something hits you but does no damage.
Natasha howls an incantation.
Natasha glows brightly for a moment.
Natasha zaps a wand.
The puff of flame hits you.
You die...
Natasha begins licking her fur clean.
Fedhas appreciates your contribution to the ecosystem.

... .......?.o. ...#
#........#
....##........#..
....#...........# .
#......?......# ..
#............. ...
#...†#+#.#.... ....
#.............
.....####(#@........
.....(....#.g....h..
..........[#....###
!........#w>.####
..................#
..................#
....###...........#
#### #...........#
#...........#


You could see a ribbon worm, Natasha and a hobgoblin.

Vanquished Creatures
  A howler monkey (Temple)
  A gnoll (D:4)
  An adder (Temple)
  A dart slug (D:1)
  5 orcs
  5 ball pythons
  7 endoplasms
  3 giant cockroaches
  7 goblins
  7 hobgoblins
  3 bats (D:1)
  2 frilled lizards (D:1)
  7 kobolds
  2 rats
52 creatures vanquished.

Notes
Turn   | Place    | Note
-------+----------+-------------------------------------------
     0 | D:1      | woodenlegs the Gnoll Wanderer began the quest for the Orb.
     0 | D:1      | woodenlegs set off with the following items: a +3 dagger, a
                  | curare-tipped dart, a +0 helmet, a scroll of blinking, a +0
                  | leather armour.
     0 | D:1      | Reached XP level 1. HP: 26/26 MP: 1/1
   149 | D:1      | Reached XP level 2. HP: 33/33 MP: 2/2
   434 | D:1      | Reached XP level 3. HP: 33/38 MP: 3/3
   436 | D:1      | Learned a level 1 spell: Magic Dart
   607 | D:1      | Upgraded the game from 0.32-a0-834-geaf45d8e21 to
                  | 0.32-a0-841-g4648e6c457
   791 | D:1      | Reached skill level 1 in Invocations
  1136 | D:2      | You fall into a shaft and drop 2 floors!
  1250 | D:4      | Reached skill level 1 in Short Blades
  1250 | D:4      | Reached skill level 1 in Long Blades
  1250 | D:4      | Reached skill level 1 in Axes
  1250 | D:4      | Reached skill level 1 in Maces & Flails
  1250 | D:4      | Reached skill level 1 in Polearms
  1250 | D:4      | Reached skill level 1 in Staves
  1250 | D:4      | Reached skill level 1 in Ranged Weapons
  1250 | D:4      | Reached skill level 1 in Armour
  1250 | D:4      | Reached skill level 1 in Shields
  1250 | D:4      | Reached skill level 1 in Unarmed Combat
  1250 | D:4      | Reached skill level 1 in Spellcasting
  1457 | D:4      | Noticed a black bear
  1521 | D:4      | Found a staircase to the Ecumenical Temple.
  1530 | Temple   | Entered the Ecumenical Temple
  1667 | Temple   | Became a worshipper of Fedhas Madash
  1695 | Temple   | Reached skill level 1 in Shapeshifting
  1695 | Temple   | Reached XP level 4. HP: 31/45 MP: 5/5
  1710 | Temple   | Reached skill level 1 in Conjurations
  1710 | Temple   | Reached skill level 1 in Hexes
  1710 | Temple   | Reached skill level 1 in Summonings
  1710 | Temple   | Reached skill level 1 in Necromancy
  1710 | Temple   | Reached skill level 1 in Translocations
  1710 | Temple   | Reached skill level 1 in Fire Magic
  1710 | Temple   | Reached skill level 1 in Ice Magic
  1710 | Temple   | Reached skill level 1 in Air Magic
  1710 | Temple   | Reached skill level 1 in Earth Magic
  1710 | Temple   | Reached skill level 1 in Alchemy
  1713 | Temple   | Learned a level 2 spell: Searing Ray
  1837 | D:4      | Found a sparkling altar of Nemelex Xobeh.
  1957 | D:4      | Reached XP level 5. HP: 51/51 MP: 7/7
  2334 | D:3      | Noticed Natasha
  2336 | D:3      | Killed from afar by Natasha

Illustrated notes

Levels and vault maps discovered:
D:1:      matt_arrival_spirals, layout_loops_ring, st_stairs_1,
          minmay_stone_trees_large, fountainhead
D:2:      layout_loops_ring, shapermc_ecumenical_altar_gd
D:3:      layout_basic, uniq_natasha
D:4:      layout_loops_corners, mainiacjoe_overflow_cross_hatched,
          minmay_temple_entry_purple_smoke
Temple:   minmay_crystal_spiral_temple

Skill      XL: |  1  2  3  4 |
---------------+-------------+-----
Invocations    | 1 |  1.6
Short Blades   | 1 |  1.4
Long Blades    | 1 |  1.4
Axes           | 1 |  1.4
Maces & Flails | 1 |  1.4
Polearms       | 1 |  1.4
Staves         | 1 |  1.4
Ranged Weapons | 1 |  1.4
Armour         | 1 |  1.4
Shields        | 1 |  1.4
Unarmed Combat | 1 |  1.4
Spellcasting   | 1 |  1.4
Shapeshifting  | 1 |  1.3
Conjurations   | 1 |  1.1
Hexes          | 1 |  1.1
Summonings     | 1 |  1.1
Necromancy     | 1 |  1.1
Translocations | 1 |  1.1
Fire Magic     | 1 |  1.1
Ice Magic      | 1 |  1.1
Air Magic      | 1 |  1.1
Earth Magic    | 1 |  1.1
Alchemy        | 1 |  1.1
Fighting       | |  8.6
Throwing       | |  6.7
Dodging        | |  2.9
Stealth        | |  2.7
Evocations     | |  2.9

Action                     |  1- 3 |  4- 6 || total
---------------------------+-------+-------++-------
  Melee: Dagger            |    75 |    64 ||   139
         Bite              |     8 |     5 ||    13
   Fire: Sling             |    34 |       ||    34
  Throw: Dart              |     7 |     5 ||    12
         Boomerang         |       |    12 ||    12
    Use: Scroll            |     5 |       ||     5
   Stab: Sleeping          |     2 |     1 ||     3
         Held in net/web   |       |     1 ||     1
 Armour: Leather armour    |    67 |    70 ||   137
  Dodge: Dodged            |    62 |    37 ||    99

Table legend: (Time is in decaauts)
 A = Elapsed time spent in this place.
 B = Non-inter-level travel time spent in this place.
 C = Inter-level travel time spent in this place.
 D = Time resting spent in this place.
 E = Time spent auto-exploring this place.
 F = Levels seen in this place.
 G = Mean time per level.
                   A        B        C        D        E       F      G
               +--------+--------+--------+--------+--------+-----+--------+
         Total |   2340 |   2291 |     49 |    393 |   1034 |   5 |  468.0 |
       Dungeon |   2068 |   2030 |     38 |    195 |   1034 |   4 |  517.0 |
        Temple |    272 |    261 |     11 |    198 |      0 |   1 |  272.0 |
               +--------+--------+--------+--------+--------+-----+--------+

Top non-repeatable levels by time:
     D:1: 1114 daAuts
     D:4: 865 daAuts
  Temple: 272 daAuts
     D:3: 63 daAuts
     D:2: 25 daAuts
